 Dungeon Crawl Stone Soup version 0.27.1 (webtiles) character file.

Game seed: 17284015049428877703

5 spiderkeys the Magician (level 1, -1/13 HPs)
             Began as a Human Hedge Wizard on Aug 28, 2021.
             Slain by an endoplasm (3 damage)
             ... on level 1 of the Dungeon.
             The game lasted 00:00:52 (210 turns).

spiderkeys the Magician (Human Hedge Wizard)         Turns: 210, Time: 00:00:53

Health: -1/13      AC:  2    Str: 10    XL:     1   Next: 88%
Magic:  1/4        EV: 12    Int: 14    God:
Gold:   11         SH:  0    Dex: 12    Spells: 5/6 levels left

rFire    . . .     SeeInvis .   a - +0 dagger
rCold    . . .     Faith    .   (no shield)
rNeg     . . .     Spirit   .   b - +0 robe
rPois    .         Reflect  .   c - +0 hat
rElec    .         Harm     .   (no cloak)
rCorr    .         Rampage  .   (no gloves)
Will     .....                  (no boots)
Stlth    ++........             (no amulet)
HPRegen  0.04/turn              (no ring)
MPRegen  0.09/turn              (no ring)

@: no status effects
A: no striking features
a: no special abilities


You were on level 1 of the Dungeon.
You visited 1 branch of the dungeon, and saw 1 of its levels.

You collected 11 gold pieces.


   Skills:
 + Level 0.3 Fighting
 + Level 2.1 Dodging
 + Level 2.1 Stealth
 + Level 3.0 Spellcasting
 + Level 1.1 Conjurations
 - Level 1.0 Summonings
 - Level 1.0 Translocations


You had 5 spell levels left.
You knew the following spells:

 Your Spells              Type           Power      Damage    Failure   Level
m - Magic Dart            Conj           20%        1d4       13%         1

Your spell library contained the following spells:

 Spells                   Type           Power      Damage    Failure   Level
 Blink                    Tloc           N/A        N/A       22%         2
 Call Imp                 Summ           4%         N/A       22%         2
 Slow                     Hex            2%         N/A       32%         2
 Conjure Flame            Conj/Fire      3%         6-21      45%         3
 Mephitic Cloud           Conj/Pois/Air  3%         N/A       50%         3

Inventory:

Hand Weapons
 a - a +0 dagger (weapon)
Armour
 b - a +0 robe (worn)
 c - a +0 hat (worn)
 d - a +0 leather armour
   (You found it on level 1 of the Dungeon)

Dungeon Overview and Level Annotations

Branches:
Dungeon (1/15)

Altars:

#.. # #.. .. ..[ ...
.J .... .# ##..
.....###.#....#
#.......g.#
#.######## .#
##.....J@.# .#
####..######†######.#
#.[..## #..........#
#...#### #..........#
.... #..........# ...
#..........# .#
#..........#
######.###.#
######.###.#


You could see an endoplasm.


Message History

The magic dart hits the frilled lizard.
You kill the frilled lizard! 😎 MP[-1]
You lost 1 mp, and now have 3/4 mp.
A rat comes into view.
The rat moves out of view. 😎 MP[+1]
Your mp is fully restored (4).
The magic dart hits the rat. 😎 MP[-1]
You lost 1 mp, and now have 3/4 mp.
The magic dart hits the rat but does no damage. 😎 MP[-1]
You lost 1 mp, and now have 2/4 mp.
You miscast Magic Dart.
You are very lightly contaminated with residual magic.
Nothing appears to happen. 😎 MP[-1]
You lost 1 mp, and now have 1/4 mp.
The magic dart hits the rat.
You kill the rat! 😎 MP[-1]
You lost 1 mp, and now have 0/4 mp.
Your magical contamination has completely faded away.
A goblin and a dart slug come into view. 😎 MP[+4]
Your mp is fully restored (4).
Unknown command.
The magic dart hits the dart slug. 😎 MP[-1]
You lost 1 mp, and now have 3/4 mp.
You miscast Magic Dart.
You are very lightly contaminated with residual magic.
Nothing appears to happen. 😎 MP[-1]
You lost 1 mp, and now have 2/4 mp.
The magic dart hits the dart slug. 😎 MP[-1]
You lost 1 mp, and now have 1/4 mp.
You miscast Magic Dart.
Nothing appears to happen. 😎 MP[-1]
You lost 1 mp, and now have 0/4 mp. 😎 MP[+1]
You hit the dart slug but do no damage. The dart slug misses you.
You hit the dart slug but do no damage.
The dart slug bites you but does no damage.
You hit the dart slug.
You kill the dart slug!
Your magical contamination has completely faded away.
You see here a dart slug corpse. 😎 MP[+3]
Your mp is fully restored (4).
The magic dart hits the goblin.
The goblin shouts!
An endoplasm comes into view. 😎 MP[-1]
You lost 1 mp, and now have 3/4 mp.
The magic dart hits the goblin. 😎 MP[-1]
You lost 1 mp, and now have 2/4 mp.
The goblin barely misses you.
You hit the goblin.
The goblin hits you with a +0 dagger. 😮 HP[-4]
You take 4 damage, and now have 9/13 hp.
MASSIVE DAMAGE!! (PAUSE)
You barely miss the goblin. The goblin barely misses you. 😮 MP[+1]
You closely miss the goblin. The goblin hits you but does no damage.
You closely miss the goblin.
The goblin hits you with a +0 dagger. 😮 HP[-2]
You take 2 damage, and now have 7/13 hp.
You barely miss the goblin. The goblin barely misses you.
You hit the goblin.
You kill the goblin!
Unknown command.
You hit the endoplasm. The endoplasm freezes you.
You are frozen.
* * * LOW HITPOINT WARNING * * *
😱 HP[-5]
You take 5 damage, and now have 2/13 hp.
MASSIVE DAMAGE!! (PAUSE)
You are too injured to fight recklessly!
Casting: Magic Dart (safe; 13% risk of failure)
Confirm with . or Enter, or press ? or * to list all spells.
Aiming: Magic Dart (safe; 13% risk of failure)
Press: ? - help, Shift-Dir - straight line, f - endoplasm
Aim: an endoplasm (lightly wounded, 100% to hit)
The magic dart hits the endoplasm.
The endoplasm barely misses you. 😱 MP[-1]
You lost 1 mp, and now have 2/4 mp.
Casting: Magic Dart (safe; 13% risk of failure)
Confirm with . or Enter, or press ? or * to list all spells.
Aiming: Magic Dart (safe; 13% risk of failure)
Press: ? - help, Shift-Dir - straight line, f/p - endoplasm
Aim: an endoplasm (heavily wounded, 100% to hit)
The magic dart hits the endoplasm but does no damage.
The endoplasm hits you.
You die...

Action                   || total
-------------------------++-------
Melee: Dagger            ||    10
 Cast: Magic Dart        ||    10
Armor: Robe              ||     2
Dodge: Dodged            ||     5

Levels and vault maps discovered:
D:1:      minmay_arrival_checkered_box, layout_rooms,
          hellmonk_ecumenical_altar_inner_sanctum

Notes
Turn   | Place    | Note
-------+----------+-------------------------------------------
     0 | D:1      | spiderkeys the Human Hedge Wizard began the quest for the
                  | Orb.
     0 | D:1      | Reached XP level 1. HP: 13/13 MP: 4/4
     0 | D:1      | magus.rc [v1.9.10]
   208 | D:1      | HP: 2/13 [frozen (5)]
   210 | D:1      | Slain by an endoplasm

Vanquished Creatures
  A dart slug (D:1)
  A goblin (D:1)
  A frilled lizard (D:1)
  A rat (D:1)
4 creatures vanquished.

Table legend:
 A = Non-vault XP
 B = Vault XP
 C = Vault XP percentage of total XP
 D = Non-vault monster count
 E = Vault monster count
 F = Vault count percentage of total count
                 A         B        C        D         E       F
            +---------+---------+-------+---------+---------+-------
      Total |       8 |       0 |   0.0 |       4 |       0 |   0.0
            +---------+---------+-------+---------+---------+-------
        D:1 |       8 |       0 |   0.0 |       4 |       0 |   0.0
            +---------+---------+-------+---------+---------+-------

Illustrated notes

Table legend:
 A = Kills in this place as a percentage of kills in entire the game.
 B = Kills by you in this place as a percentage of kills by you in the entire game.
 C = Kills by friends in this place as a percentage of kills by friends in the entire game.
 D = Other kills in this place as a percentage of other kills in the entire game.
 E = Experience gained in this place as a percentage of experience gained in the entire game.
 F = Experience gained in this place divided by the number of levels of this place that you have seen.
                   A       B       C       D       E      F
               +-------+-------+-------+-------+-------+----------------------
         Total | 100.0 | 100.0 |   N/A |   N/A | 100.0 |   8.0
       Dungeon | 100.0 | 100.0 |   N/A |   N/A | 100.0 |   8.0
               +-------+-------+-------+-------+-------+----------------------

Table legend: (Time is in decaauts)
 A = Elapsed time spent in this place.
 B = Non-inter-level travel time spent in this place.
 C = Inter-level travel time spent in this place.
 D = Time resting spent in this place.
 E = Time spent auto-exploring this place.
 F = Levels seen in this place.
 G = Mean time per level.
                   A        B        C        D        E       F      G
               +--------+--------+--------+--------+--------+-----+--------+
         Total |    210 |    210 |      0 |      0 |    144 |   1 |  210.0 |
       Dungeon |    210 |    210 |      0 |      0 |    144 |   1 |  210.0 |
               +--------+--------+--------+--------+--------+-----+--------+

Top non-repeatable levels by time:
     D:1: 210 daAuts
